 Dungeon Crawl Stone Soup version 0.30.1-11-g7821555f0a (webtiles) character file.

Game seed: 9950385212009313052

333 SacredBeard the Shooter (level 6, 0/34 HPs)
             Began as a Deep Elf Hexslinger on Oct 30, 2023.
             Was an Initiate of Hepliaklqana.
             Slain by a gnoll
             ... wielding a +0 club
              (6 damage)
             ... on level 5 of the Dungeon on Oct 31, 2023.
             The game lasted 00:11:42 (3819 turns).

SacredBeard the Shooter (Deep Elf Hexslinger)       Turns: 3819, Time: 00:11:42

Health: 0/34       AC:  3    Str:  7    XL:     6   Next: 27%
Magic:  12/13      EV: 13    Int: 18    God:    Hepliaklqana [......]
Gold:   63         SH:  0    Dex: 17    Spells: 5/12 levels left

rFire   . . .        j - +3 dagger (freeze)
rCold   . . .        (no shield)
rNeg    . . .        u - +0 leather armour
rPois   .            l - +0 hat {Stlth+}
rElec   .            (no cloak)
rCorr   .            (no gloves)
SInv    .            (no boots)
Will    .....        (no amulet)
Stlth   ++           (no ring)
HPRegen 0.25/turn    (no ring)
MPRegen 0.13/turn

%: no passive effects
@: no status effects
A: no striking features
a: Renounce Religion


You were on level 5 of the Dungeon.
You worshipped Hepliaklqana.
Hepliaklqana was noncommittal.
You visited 2 branches of the dungeon, and saw 6 of its levels.

You collected 173 gold pieces.
You spent 110 gold pieces at shops.

Inventory:

Hand Weapons
 a - a +1 sling
 e - a +1 dagger of flaming
 j - a +3 dagger of freezing (weapon)
Missiles
 v - 2 throwing nets
Armour
 l - a +0 hat of stealth (worn)
 u - a +0 leather armour (worn)
Magical Staves
 c - a staff of air
Wands
 o - a wand of polymorph (8)
Scrolls
 b - 2 scrolls of poison
 d - a scroll of teleportation {unknown}
 f - 4 scrolls of identify {unknown}
 i - a scroll of noise {unknown}
 k - a scroll of torment {unknown}
 p - a scroll of amnesia {unknown}
 r - a scroll of blinking {unknown}
 t - a scroll of enchant weapon {unknown}
 y - a scroll of immolation
Potions
 g - a potion of flight {unknown}
 h - 2 potions of invisibility {unknown}
 m - a potion of curing {unknown}
 n - a potion of lignification {unknown}
 q - a potion of mutation {unknown}
 s - 3 potions of attraction {unknown}
 w - 2 potions of heal wounds
 x - a potion of degeneration


   Skills:
 - Level 1.0 Fighting
 * Level 5.7 Ranged Weapons
 - Level 1.0 Armour
 + Level 3.7 Dodging
 + Level 3.6 Spellcasting
 + Level 5.2 Hexes
 + Level 1.5 Evocations


You had 5 spell levels left.
You knew the following spells:

 Your Spells              Type           Power      Damage    Failure   Level
a - Slow                  Hex            88%        N/A       2%          1
b - Inner Flame           Hex/Fire       12%        N/A       22%         3
c - Portal Projectile     Hex/Tloc       24%        N/A       22%         3

Your spell library contained the following spells:

 Spells                   Type           Power      Damage    Failure   Level
 Apportation              Tloc           6%         N/A       22%         1
 Cause Fear               Hex            11%        N/A       26%         4
 Lesser Beckoning         Tloc           6%         N/A       34%         2
 Gell's Gravitas          Tloc           3%         N/A       56%         3
 Teleport Other           Tloc           3%         N/A       56%         3
 Alistair's Intoxication  Tmut/Pois      2%         N/A       99%         5


Dungeon Overview and Level Annotations

Branches:
Dungeon (5/15) Zot: 26213  Temple (1/1) D:4 Zot: 5921

Altars:
Dithmenos
Elyvilon
Fedhas
Hepliaklqana
Kikubaaqudgha
Nemelex Xobeh
Okawaru
Qazlal
Sif Muna
Trog
Zin
The Shining One

Shops:
D:1 (   D:4 !

Annotations:
D:2 Sigmund
D:4 1 runed translucent door, sneaky's ghost, amateur OpCj


Message History

j - a +3 dagger of freezing (weapon)
You hit the gnoll. You freeze the gnoll. Your punch misses the gnoll.
The gnoll is severely wounded.
You closely miss the gnoll.
The gnoll is severely wounded.
The gnoll closely misses you.
You hit the gnoll but do no damage.
The gnoll is severely wounded.
The gnoll hits you with a +2 whip of distortion.
Space warps around you.
You hit the gnoll. You freeze the gnoll.
You kill the gnoll!
Things that are here:
a +2 whip of distortion; a gnoll corpse
There is a stone staircase leading down here.
HP restored.
Magic restored.
Sneaky's ghost turns its malevolent gaze towards you.
The orc shouts!
There is a stone staircase leading down here.
You climb downwards.
The gnoll hits you with a +0 club. x3
There is a stone staircase leading up, spattered with blood here.
You hit the gnoll. You freeze the gnoll.
The gnoll is moderately wounded.
The gnoll hits you with a +0 club. The gnoll misses you.
You hit the gnoll. You freeze the gnoll.
The gnoll is almost dead.
The gnoll hits you with a +0 club! x2
* * * LOW HITPOINT WARNING * * *
You hit the gnoll. You freeze the gnoll.
You kill the gnoll!
The gnoll hits you with a +0 club.
* * * LOW HITPOINT WARNING * * *
Casting: Slow (safe; 2% risk of failure)
Confirm with . or Enter, or press ? or * to list all spells.
Aiming: Slow (safe; 2% risk of failure)
Press: ? - help, Shift-Dir - straight line, f - gnoll
Aim: a gnoll, wielding a +0 club (chance to affect: 63%)
The gnoll seems to slow down.
The gnoll hits you with a +0 club.
You die...

. . ############.
#............
#######............
#..................
#..................
#..g...............
#)@...............#
#.................#
##############+####


You could see a gnoll (slow).

Vanquished Creatures
  A scorpion (D:4)
  A hound (D:4)
  Jessica (D:2)
  8 gnolls
  3 adders
  2 worms
  4 dart slugs
  3 orcs (D:3)
  13 bats
  6 endoplasms
  2 giant cockroaches
  9 goblins
  10 hobgoblins
  6 quokkas
  12 ball pythons
  2 frilled lizards (D:1)
  8 kobolds
  5 rats
96 creatures vanquished.

Notes
Turn   | Place    | Note
-------+----------+-------------------------------------------
     0 | D:1      | SacredBeard the Deep Elf Hexslinger began the quest for the
                  | Orb.
     0 | D:1      | Reached XP level 1. HP: 11/11 MP: 5/5
    72 | D:1      | Found Veoq's Weapon Emporium.
   121 | D:1      | Reached XP level 2. HP: 16/16 MP: 6/6
   196 | D:1      | Reached skill level 1 in Fighting
   364 | D:1      | Found a faded altar of an unknown god.
   590 | D:1      | Reached XP level 3. HP: 20/20 MP: 8/8
  1041 | D:2      | Noticed Jessica
  1057 | D:2      | Killed Jessica
  1058 | D:2      | Reached XP level 4. HP: 6/25 MP: 7/9
  1178 | D:2      | Learned a level 3 spell: Inner Flame
  1182 | D:2      | Learned a level 3 spell: Portal Projectile
  1211 | D:2      | Noticed Sigmund
  1334 | D:2      | Reached skill level 1 in Armour
  1853 | D:3      | Reached XP level 5. HP: 28/29 MP: 11/11
  2034 | D:3      | Found a bloodstained altar of Trog.
  2527 | D:3      | Reached skill level 5 in Ranged Weapons
  2835 | D:4      | Found a runed translucent door.
  2836 | D:4      | Noticed sneaky's ghost (amateur OpCj)
  2899 | D:4      | Found a glowing golden altar of the Shining One.
  2937 | D:4      | Reached skill level 5 in Hexes
  2937 | D:4      | Reached skill level 1 in Evocations
  3170 | D:4      | Found a staircase to the Ecumenical Temple.
  3213 | Temple   | Entered the Ecumenical Temple
  3226 | Temple   | Became a worshipper of Hepliaklqana the Forgotten
  3372 | D:4      | Found Nolunwee's Distillery.
  3377 | D:4      | Bought a potion of heal wounds for 50 gold pieces
  3377 | D:4      | Bought a potion of heal wounds for 50 gold pieces
  3377 | D:4      | Bought a potion of degeneration for 10 gold pieces
  3538 | D:5      | Entered Level 5 of the Dungeon
  3603 | D:4      | Reached XP level 6. HP: 34/34 MP: 6/13
  3819 | D:5      | Slain by a gnoll

Illustrated notes

Levels and vault maps discovered:
D:1:      elethiomel_arrival_infinity_welcomes_careful_drivers, layout_basic,
          hellmonk_ecumenical_altar_pennies_from_heaven, serial_shops, shop
D:2:      layout_basic, st_stairs_5, uniq_sigmund, uniq_jessica
D:3:      layout_basic, mainiacjoe_overflow_24_doors, roderic_batcave
D:4:      layout_rooms, tso_metal_star, minmay_temple_entry_waves,
          ebering_ghost_inner_flame, serial_shops, kennysheep_little_box,
          nicolae_grassy_gnolls
D:5:      layout_gridville
Temple:   zaba_magenta_temple

Skill      XL: |  1  2  3  4  5 |
---------------+----------------+-----
Ranged Weapons | 3 4 5 |  5.7
Fighting       | 1 |  1.0
Spellcasting   | 2 3 |  3.6
Dodging        | 3 |  3.7
Armour         | 1 |  1.0
Hexes          | 5 |  5.2
Evocations     | 1 |  1.5

Action                     |  1- 3 |  4- 6 || total
---------------------------+-------+-------++-------
  Melee: Dagger            |    21 |    33 ||    54
   Fire: Sling             |    91 |   161 ||   252
   Cast: Slow              |     2 |    28 ||    30
         Inner Flame       |       |     6 ||     6
         Portal Projectile |       |     1 ||     1
   Stab: Sleeping          |       |     1 ||     1
 Armour: Robe              |     7 |    12 ||    19
         Leather armour    |       |     6 ||     6
  Dodge: Dodged            |    33 |    61 ||    94
